 Dungeon Crawl Stone Soup version 0.27-a0-1590-g15f69828bf (webtiles) character file.

Game seed: 2798795324132947393

5893 Aviak the Nimble (level 11, -18/92 HPs)
             Began as a Djinni Conjurer on July 18, 2021.
             Was an Initiate of Ru.
             Demolished by a white ugly thing (45 damage)
             ... on level 9 of the Dungeon.
             The game lasted 00:14:36 (8271 turns).

Aviak the Nimble (Djinni Conjurer)                  Turns: 8271, Time: 00:14:36

Health: -18/92     AC:  4    Str:  6    XL:     11   Next: 8%
Gold:   353        EV: 15    Int: 26    God:    Ru [......] SH:  0 Dex: 11

rFire    + + .     SeeInvis .   y - +4 quarterstaff (spect)
rCold    x . .     Faith    .   (shield currently unavailable)
rNeg     . . .     Spirit   .   a - +0 robe
rPois    ∞         Reflect  .   u - +1 helmet
rElec    .         Harm     .   (no cloak)
rCorr    .         Rampage  .   (no gloves)
Will     +....                  (boots unavailable)
Stlth    ++........             q - amulet of regeneration
HPRegen  1.25/turn              (no ring)
MPRegen  0.00/turn              (no ring)

@: flying
A: sickness immunity, fire resistance 2, cold vulnerability 1, float, innate
caster, hp casting, extra vitality 1, clever 1, robust 1
a: Renounce Religion


You were on level 9 of the Dungeon.
You worshipped Ru.
Ru was noncommittal.
You visited 2 branches of the dungeon, and saw 10 of its levels.
You also visited: Ossuary.

You collected 353 gold pieces.

Inventory:

Hand Weapons
 o - a +0 trident
 y - a +4 spectral quarterstaff (weapon)
Missiles
 C - 3 atropa-tipped darts
 L - a curare-tipped dart
Armour
 a - a +0 robe (worn)
 u - a +1 helmet (worn)
Magical Staves
 d - a staff of earth
Jewellery
 p - an amulet of faith {!P}
 q - an amulet of regeneration (around neck)
Wands
 r - a wand of paralysis (26)
 v - a wand of iceblast (8)
Scrolls
 e - 3 scrolls of silence {!r}
 i - 2 scrolls of identify
 j - 2 scrolls of immolation {unknown}
 k - 3 scrolls of amnesia {unknown}
 m - a scroll of holy word {unknown}
 n - a scroll of enchant armour {unknown}
 s - 2 scrolls of enchant weapon {unknown}
 w - 2 scrolls of fog {unknown}
 A - a scroll of magic mapping {unknown}
 B - 3 scrolls of teleportation {unknown}
 E - a scroll of fear
 G - a scroll of torment {unknown}
 I - a scroll of vulnerability {unknown}
 J - a scroll of brand weapon {unknown}
Potions
 b - a potion of resistance
 c - 4 potions of curing
 f - 2 potions of haste
 g - a potion of magic {unknown}
 h - 3 potions of heal wounds
 l - 2 potions of cancellation
 t - a potion of lignification {unknown}
 z - 3 potions of ambrosia {unknown}
 D - 2 potions of might {unknown}
 F - a potion of berserk rage {unknown}
 H - 3 potions of attraction {unknown}
 K - a potion of brilliance {unknown}


   Skills:
 + Level 9.2 Fighting
 - Level 10.2 Dodging
 - Level 1.5 Stealth
 + Level 7.8 Spellcasting
 + Level 0.0 Evocations


You couldn't memorise any spells.
You knew the following spells:

 Your Spells              Type           Power      Damage    Failure   Level
a - Magic Dart            Conj           100%       1d8       1%          1
b - Searing Ray           Conj           100%       3d7       1%          2
c - Dazzling Flash        Conj/Hex       100%       N/A       1%          3
d - Fulminant Prism       Conj/Hex       25%        3d14      2%          4
e - Iskenderun's Mystic   Conj/Tloc      50%        2d11      2%          4
f - Summon Small Mammal   Summ           100%       N/A       1%          1
g - Ensorcelled Hibernat  Hex/Ice        100%       N/A       1%          2
h - Tukima's Dance        Hex            50%        N/A       1%          3
i - Gell's Gravitas       Tloc           25%        N/A       1%          3
j - Blade Hands           Tmut           25%        N/A       6%          5
Your spell library was empty.

Dungeon Overview and Level Annotations

Branches:
Dungeon (9/15)             Temple (1/1) D:7         Ossuary (visited)
   Lair: D:8-11         Orc: D:9-12

Altars:
Ashenzari
Cheibriados
Dithmenos
Elyvilon
Fedhas
Gozag
Hepliaklqana
Kikubaaqudgha
Nemelex Xobeh
Okawaru
Qazlal
Ru
Sif Muna
Trog
Uskayaw
Vehumet
Wu Jian
Yredelemnul
Zin
The Shining One

Annotations:
D:9 2 transporters, p0werm0de's ghost, novice DsFi


Innate Abilities, Weirdness & Mutations

You are immune to sickness and miasma.
You are immune to poison.
Your flesh is very heat resistant. (rF++)
You are vulnerable to cold. (rC-)
You float through the air rather than walking.
You learn spells naturally, not from books.
Your magical power is your life essence.
You have superior vitality. (+4 HP)
Your mind is acute. (Int +2)
You are robust. (+10% HP)


Message History

You kill Harold!
Your Fighting skill increases to level 9!
You have reached level 11!
The power to cast Blade Hands wells up from within.
Spell assigned to 'j'.
You start resting.
A white ugly thing is nearby!
Okay, then.
Hit: y) +4 quarterstaff (spect)
Press: ? - help, Dir - move target, f - you
Okay, then.
Aiming: Paralyse
Press: ? - help, Shift-Dir - straight line, f - white ugly thing
Aim: a white ugly thing (wandering, hasn't noticed you, chance to affect: 28%)
Okay, then.
Okay, then.
Okay, then.
The white ugly thing gurgles horribly!
You feel much better.
Casting: Tukima's Dance (safe; 1% risk of failure)
Confirm with . or Enter, or press ? or * to list all spells.
Aiming: Searing Ray (safe; 1% risk of failure)
Press: ? - help, Shift-Dir - straight line, f - white ugly thing
Aim: a white ugly thing (83% to hit)
The searing ray hits the white ugly thing!
The white ugly thing is lightly wounded. (Press . to maintain the ray.)
The searing ray hits the white ugly thing!
The white ugly thing is moderately wounded.
The white ugly thing completely misses you.
The searing ray hits the white ugly thing!
The white ugly thing is heavily wounded.
The white ugly thing bites you. The white ugly thing freezes you!!!
You feel a terrible chill!
The searing ray hits the white ugly thing!
The white ugly thing is severely wounded.
You finish channeling your searing ray.
The white ugly thing bites you!
* * * LOW HITPOINT WARNING * * *
The white ugly thing freezes you!!!
You feel a terrible chill!
You die...

#....♣...♣...
#..♣.♣♣.♣♣.♣.
##.♣.......♣.
#.♣♣♣♣.♣♣♣♣.
#...........
#u♣♣♣♣.♣♣♣♣.
##.♣.......♣. ###
#..♣.♣♣.♣♣.♣.
+@####...)♣...♣...
#.u.....♣♣♣._.♣♣♣.
#######...........
####.####### #...
## .. .# #. ...
##... .. ##.# #.


You could see a white ugly thing.

Vanquished Creatures
  Harold (D:9)
  2 two-headed ogres
  An ugly thing (D:9)
  A hornet (D:9)
  3 hogs (D:8)
  A shadow (D:9)
  A yak (D:8)
  A human (D:8)
  Menkaure (D:5)
  A water moccasin (D:7)
  An orc warrior (D:8)
  3 sky beasts
  2 black bears
  An ogre (D:4)
  A centaur (D:6)
  A phantom (D:5)
  2 kobold brigands
  A bullfrog (D:8)
  2 scorpions
  6 water moccasin zombies
  2 wyvern zombies
  A killer bee (D:4)
  3 wights (D:8)
  3 howler monkeys (D:8)
  A bullfrog skeleton (D:6)
  A gnoll shaman (D:8)
  3 hounds
  A jelly (D:4)
  4 iguanas
  Ijyb (D:4)
  2 orc wizards (D:8)
  A hound skeleton (D:4)
  2 mummies (Ossuary)
  A howler monkey zombie (D:9)
  4 gnolls (D:8)
  7 adders
  A shadow imp (D:7)
  An adder skeleton (D:4)
  2 adder zombies (Ossuary)
  A worm (D:4)
  2 dart slugs (D:3)
  18 orcs
  13 ball pythons
  4 endoplasms
  7 giant cockroaches
  6 hobgoblins
  4 jackals (D:2)
  20 kobolds
  2 quokkas
  4 bats
  3 frilled lizards (D:3)
  3 gnoll zombies (Ossuary)
  7 goblins
  3 hobgoblin zombies (Ossuary)
  3 kobold zombies (Ossuary)
  3 orc zombies (Ossuary)
  2 quokka skeletons (D:4)
  4 rats
183 creatures vanquished.

Vanquished Creatures (collateral kills)
  An adder (D:2)
  2 worms (D:2)
  A dart slug (D:2)
  A ball python (D:2)
5 creatures vanquished.

Vanquished Creatures (others)
  A howler monkey (D:8)
  An orc priest (D:8)
  An orc (D:8)
  2 fulminant prisms (D:8)
  3 fungi (D:8)
  2 plants (D:8)
10 creatures vanquished.

Grand Total: 198 creatures vanquished

Notes
Turn   | Place    | Note
-------+----------+-------------------------------------------
     0 | D:1      | Aviak the Djinni Conjurer began the quest for the Orb.
     0 | D:1      | Reached XP level 1. HP: 15/15 MP: 0/0
   127 | D:1      | Reached XP level 2. HP: 19/22 MP: 0/0
   431 | D:1      | Reached skill level 1 in Fighting
   703 | D:1      | Reached XP level 3. HP: 21/27 MP: 0/0
   703 | D:1      | Learned a level 1 spell: Summon Small Mammal
  1543 | D:2      | Found a glowing silver altar of Zin.
  1558 | D:2      | Reached skill level 3 in Dodging
  1879 | D:2      | Reached XP level 4. HP: 21/33 MP: 0/0
  2492 | D:3      | Reached XP level 5. HP: 20/38 MP: 0/0
  2492 | D:3      | Learned a level 2 spell: Ensorcelled Hibernation
  2790 | D:3      | Found a faded altar of an unknown god.
  3152 | D:3      | Found a glowing silver altar of Zin.
  3152 | D:3      | Found an opulent altar of Gozag.
  3374 | D:3      | Found a hide-covered altar of Uskayaw.
  3805 | D:4      | Gained mutation: You are robust. (+10% HP) [potion of
                  | mutation]
  3805 | D:4      | Gained mutation: Your mind is acute. (Int +2) [potion of
                  | mutation]
  4030 | D:4      | Reached skill level 4 in Dodging
  4030 | D:4      | Reached XP level 6. HP: 24/49 MP: 0/0
  4292 | D:4      | Noticed Ijyb
  4292 | D:4      | Noticed a black bear
  4295 | D:4      | Noticed an ogre
  4324 | D:4      | Killed an ogre
  4325 | D:4      | Reached XP level 7. HP: 37/56 MP: 0/0
  4325 | D:4      | Learned a level 3 spell: Tukima's Dance
  4327 | D:4      | Killed Ijyb
  4407 | D:4      | Reached skill level 5 in Dodging
  4962 | D:5      | Entered Level 5 of the Dungeon
  4996 | D:5      | Noticed Menkaure
  5000 | D:5      | Killed Menkaure
  5001 | D:5      | Reached XP level 8. HP: 63/63 MP: 0/0
  5048 | D:5      | Reached skill level 5 in Spellcasting
  5643 | D:5      | Reached skill level 5 in Fighting
  5643 | D:5      | Reached skill level 6 in Dodging
  5799 | D:6      | Found a shadowy altar of Dithmenos.
  5923 | D:6      | Found a sand-covered staircase.
  5926 | D:6      | You are sucked into a shaft and drop 1 floor!
  5978 | D:7      | Found a staircase to the Ecumenical Temple.
  6009 | Ossuary  | Entered an ossuary
  6087 | Ossuary  | Reached XP level 9. HP: 72/72 MP: 0/0
  6087 | Ossuary  | Learned a level 3 spell: Gell's Gravitas
  6098 | Ossuary  | Reached skill level 7 in Dodging
  6341 | Temple   | Entered the Ecumenical Temple
  6926 | D:7      | Found a sparkling altar of Nemelex Xobeh.
  7067 | D:8      | Found a stormy altar of Qazlal.
  7084 | D:8      | Found a blossoming altar of Fedhas.
  7103 | D:8      | Reached skill level 8 in Dodging
  7136 | D:8      | Noticed a two-headed ogre
  7155 | D:8      | Killed a two-headed ogre
  7156 | D:8      | Reached XP level 10. HP: 21/82 MP: 0/0
  7251 | D:8      | Reached skill level 9 in Dodging
  7690 | D:8      | Identified the +11 dagger "Alo Xitz" {venom, rElec rPois}
  7843 | D:9      | Noticed a two-headed ogre
  7861 | D:9      | Killed a two-headed ogre
  8024 | D:9      | Found a transporter.
  8025 | D:9      | Noticed p0werm0de's ghost (novice DsFi)
  8026 | D:9      | Identified the +6 dire flail "Taechola" {vorpal, rF+ Str-5
                  | Int+4}
  8026 | D:9      | Identified the +8 great mace of Currency {freeze, rC- Str+3
                  | Dex+4}
  8026 | D:9      | Noticed a two-headed ogre
  8032 | D:9      | Found a transporter.
  8036 | D:9      | Found a sacrificial altar of Ru.
  8051 | D:9      | Found a snail-covered altar of Cheibriados.
  8072 | D:9      | Noticed a green ugly thing
  8144 | D:9      | Killed a green ugly thing
  8145 | D:9      | Reached skill level 10 in Dodging
  8170 | D:9      | Noticed a white ugly thing
  8219 | D:9      | Became a worshipper of Ru the Awakened
  8228 | D:9      | Noticed Harold
  8238 | D:9      | Killed Harold
  8239 | D:9      | Reached XP level 11. HP: 15/92 MP: 0/0
  8239 | D:9      | Learned a level 5 spell: Blade Hands
  8271 | D:9      | Demolished by a white ugly thing

Illustrated notes

Levels and vault maps discovered:
D:1:      dpeg_arrival_long_road, layout_basic, st_stairs_3
D:2:      layout_loops_cross, basic_altar
D:3:      layout_basic, grunt_temple_overflow_gold_and_silver,
          marbit_many_paths, ebering_ecumenical_altar_mist
D:4:      minmay_octagon_keep, layout_loops_corners, kennysheep_donut,
          mrwooster_statue_mirror, minmay_pentomino_pile, uniq_ijyb
D:5:      layout_rooms, lemuel_old_faithful, uniq_menkaure
D:6:      layout_rooms, nicolae_dithmenos_shadow_blocks, enter_ossuary_3
D:7:      layout_cave_pools, nemelex_diamond_rough_becter,
          lemuel_coloured_pillars_altar, temple_statues
D:8:      layout_loops_ring, grunt_temple_overflow_forces_of_nature,
          fiery_altar_vehumet, grunt_livestock
D:9:      layout_roguey, mainiacjoe_overflow_large_starburst,
          gammafunk_ghost_smash, kb_rosetta, uniq_harold
Temple:   compressed_dpeg_triangle_lava_temple

Skill      XL: |  1  2  3  4  5  6  7  8  9 10 |
---------------+-------------------------------+-----
Fighting       | 1 2 3 4 5 7 9 |  9.2
Dodging        | 3 4 5 6 8 10 | 10.2
Spellcasting   | 4 5 6 7 |  7.8
Stealth        | |  1.5

Action                   |  1- 3 |  4- 6 |  7- 9 | 10-12 || total
-------------------------+-------+-------+-------+-------++-------
Melee: Trident           |       |    37 |    31 |       ||    68
       Quarterstaff      |       |       |    81 |    52 ||   133
 Cast: Magic Dart        |    78 |    22 |       |       ||   100
       Summon Small Mamm |    15 |       |       |       ||    15
       Searing Ray       |       |    15 |    20 |     2 ||    37
       Tukima's Dance    |       |       |     6 |    10 ||    16
       Fulminant Prism   |       |       |     2 |       ||     2
       Gell's Gravitas   |       |       |       |     3 ||     3
       Ensorcelled Hiber |       |       |       |     2 ||     2
       Dazzling Flash    |       |       |       |     1 ||     1
Evoke: Wand              |       |     3 |     1 |     2 ||     6
  Use: Potion            |       |     4 |       |     1 ||     5
       Scroll            |       |     3 |     6 |     1 ||    10
 Stab: Sleeping          |       |     2 |     4 |     1 ||     7
       Distracted        |       |       |     1 |       ||     1
Armor: Robe              |     1 |    11 |    19 |     6 ||    37
Dodge: Dodged            |     4 |    43 |    73 |    39 ||   159

Table legend: (Time is in decaauts)
 A = Elapsed time spent in this place.
 B = Non-inter-level travel time spent in this place.
 C = Inter-level travel time spent in this place.
 D = Time resting spent in this place.
 E = Time spent auto-exploring this place.
 F = Levels seen in this place.
 G = Mean time per level.
                   A        B        C        D        E       F      G
               +--------+--------+--------+--------+--------+-----+--------+
         Total |   8330 |   8139 |    191 |    518 |   6341 |  11 |  757.3 |
       Dungeon |   7870 |   7703 |    167 |    518 |   5999 |   9 |  874.4 |
        Temple |    297 |    273 |     24 |      0 |    272 |   1 |  297.0 |
       Ossuary |    162 |    162 |      0 |      0 |     70 |   1 |  162.0 |
               +--------+--------+--------+--------+--------+-----+--------+

Top non-repeatable levels by time:
     D:4: 1670 daAuts
     D:2: 1355 daAuts
     D:3: 1147 daAuts
     D:1: 972 daAuts
     D:8: 800 daAuts
     D:5: 549 daAuts
     D:7: 481 daAuts
     D:9: 447 daAuts
     D:6: 446 daAuts
  Temple: 297 daAuts
 Ossuary: 162 daAuts
